[ AOE2 MATCH · #506663331 ]
UnrankedKhmer vs Burgundians
Player's team · WIN
[ REPLAY ANALYSIS · EXTRACTED FROM THE RECORDED GAME ]
Feudal
—
Castle
—
Imperial
—
| APM avg | 43.8 |
| APM peak | 95 |
| eAPM avg | 17.8 |
| Villagers / military | 118 / 81 |
Focus
⚔️ 27.0% · 🌾 73.0%
Spearman ×37 · Scorpion ×11 · Scout Cavalry ×6 · Battle Elephant ×6 · Skirmisher ×5 · Battering Ram ×5
Feudal
—
Castle
—
Imperial
—
| APM avg | 32.1 |
| APM peak | 83 |
| eAPM avg | 11.9 |
| Villagers / military | 80 / 45 |
Focus
⚔️ 23.8% · 🌾 76.2%
Spearman ×24 · Knight ×12 · Monk ×5 · Mangonel ×4
Match map
Initial resources + every placement click. Lines = walls · curves = elevation contours. ◆ gold · ⬟ stone · ● berries · ✦ relic · ◌ wall gap
Your base· ✓ Closed at 21:06 · 55t walls · 1 gate(s)
Macbein's base· Open — unwalled flank
Smoothed initial terrain · ◌ = detected wall gap · hover for details
Inputs per minute
— ManyKitten76428 - - Macbein
Build order — ManyKitten76428
First 150 of 347 actions detected
| 0:01 | Queue | Villager (Male) |
| 0:01 | Queue | Villager (Male) |
| 0:01 | Queue | Villager (Male) |
| 0:02 | Queue | Villager (Male) |
| 0:02 | Queue | Villager (Male) |
| 0:02 | Queue | Villager (Male) |
| 0:02 | Queue | Villager (Male) |
| 0:02 | Queue | Villager (Male) |
| 0:02 | Queue | Villager (Male) |
| 0:02 | Queue | Villager (Male) |
| 0:02 | Queue | Villager (Male) |
| 0:04 | Build | House |
| 0:06 | Build | House |
| 1:33 | Queue | Villager (Male) |
| 1:33 | Queue | Villager (Male) |
| 1:57 | Queue | Villager (Male) |
| 1:57 | Queue | Villager (Male) |
| 2:18 | Build | Lumber Camp |
| 2:20 | Queue | Villager (Male) |
| 2:21 | Queue | Villager (Male) |
| 2:34 | Queue | Villager (Male) |
| 2:34 | Queue | Villager (Male) |
| 2:50 | Queue | Villager (Male) |
| 2:51 | Queue | Villager (Male) |
| 3:20 | Queue | Villager (Male) |
| 3:20 | Queue | Villager (Male) |
| 3:43 | Queue | Villager (Male) |
| 3:43 | Queue | Villager (Male) |
| 3:52 | Build | House |
| 3:54 | Build | House |
| 4:01 | Queue | Villager (Male) |
| 4:02 | Queue | Villager (Male) |
| 4:22 | Build | Palisade Wall |
| 4:37 | Queue | Villager (Male) |
| 4:38 | Queue | Villager (Male) |
| 4:38 | Queue | Villager (Male) |
| 5:22 | Build | Palisade Wall |
| 5:31 | Build | Palisade Wall |
| 5:39 | Queue | Villager (Male) |
| 5:51 | Research | Loom |
| 6:33 | Build | Palisade Wall |
| 6:56 | Research | Feudal Age |
| 7:06 | Build | Palisade Wall |
| 7:32 | Build | Palisade Wall |
| 8:12 | Build | Palisade Wall |
| 8:21 | Queue | Villager (Male) |
| 8:21 | Queue | Villager (Male) |
| 8:48 | Build | Palisade Wall |
| 9:23 | Build | Stable |
| 9:25 | Build | House |
| 9:37 | Build | House |
| 9:38 | Build | House |
| 9:39 | Build | House |
| 9:43 | Build | Palisade Wall |
| 9:44 | Build | Palisade Wall |
| 9:46 | Queue | Villager (Male) |
| 9:53 | Build | Mill |
| 9:55 | Research | Double-Bit Axe |
| 10:16 | Queue | Villager (Male) |
| 10:19 | Queue | Scout Cavalry |
| 10:19 | Queue | Scout Cavalry |
| 10:27 | Queue | Villager (Male) |
| 10:40 | Build | Blacksmith |
| 10:47 | Build | Farm |
| 10:55 | Build | Farm |
| 11:00 | Queue | Villager (Male) |
| 11:19 | Build | Farm |
| 11:22 | Build | Farm |
| 11:29 | Queue | Villager (Male) |
| 11:34 | Build | House |
| 11:36 | Build | House |
| 12:20 | Queue | Villager (Male) |
| 12:25 | Build | Farm |
| 12:26 | Build | Farm |
| 12:30 | Build | Farm |
| 12:35 | Research | Horse Collar |
| 12:48 | Build | Farm |
| 13:02 | Research | Forging |
| 13:33 | Queue | Villager (Male) |
| 13:36 | Build | Farm |
| 13:42 | Build | Farm |
| 14:04 | Build | Archery Range |
| 14:10 | Research | Scale Barding Armor |
| 14:13 | Queue | Scout Cavalry |
| 14:16 | Queue | Villager (Male) |
| 14:17 | Queue | Villager (Male) |
| 14:26 | Queue | Villager (Male) |
| 14:31 | Build | Mining Camp |
| 14:34 | Queue | Villager (Male) |
| 15:00 | Queue | Skirmisher |
| 15:00 | Queue | Skirmisher |
| 15:00 | Queue | Skirmisher |
| 15:05 | Build | Farm |
| 15:20 | Queue | Villager (Male) |
| 15:37 | Build | Gate |
| 15:43 | Queue | Villager (Male) |
| 15:45 | Queue | Skirmisher |
| 15:47 | Queue | Skirmisher |
| 15:51 | Queue | Villager (Male) |
| 16:20 | Queue | Villager (Male) |
| 16:23 | Research | Fletching |
| 16:26 | Research | Padded Archer Armor |
| 16:26 | Research | Padded Archer Armor |
| 16:26 | Research | Padded Archer Armor |
| 16:38 | Build | Watch Tower |
| 16:53 | Queue | Scout Cavalry |
| 16:54 | Queue | Scout Cavalry |
| 16:55 | Queue | Scout Cavalry |
| 16:58 | Build | Farm |
| 16:59 | Build | Farm |
| 17:04 | Build | Farm |
| 17:05 | Build | Farm |
| 17:11 | Build | Mining Camp |
| 17:12 | Queue | Villager (Male) |
| 18:59 | Queue | Villager (Male) |
| 18:59 | Queue | Villager (Male) |
| 18:59 | Queue | Villager (Male) |
| 19:11 | Build | Barracks |
| 19:15 | Build | House |
| 19:21 | Queue | Villager (Male) |
| 19:22 | Queue | Villager (Male) |
| 19:22 | Queue | Villager (Male) |
| 19:29 | Research | Gold Mining |
| 19:50 | Build | Palisade Wall |
| 19:51 | Build | Palisade Wall |
| 19:51 | Build | Palisade Wall |
| 19:52 | Build | Palisade Wall |
| 19:52 | Build | Palisade Wall |
| 19:54 | Build | Palisade Wall |
| 20:24 | Queue | Spearman |
| 20:24 | Queue | Spearman |
| 20:25 | Queue | Spearman |
| 20:25 | Queue | Spearman |
| 20:33 | Build | Barracks |
| 21:06 | Research | Castle Age |
| 21:14 | Build | House |
| 21:15 | Build | House |
| 21:17 | Build | House |
| 21:45 | Queue | Villager (Male) |
| 21:45 | Queue | Villager (Male) |
| 21:46 | Queue | Villager (Male) |
| 22:28 | Build | Outpost |
| 22:53 | Research | Scale Mail Armor |
| 23:22 | Build | Outpost |
| 23:39 | Build | Lumber Camp |
| 23:54 | Build | Outpost |
| 24:18 | Build | Town Center |
| 24:47 | Queue | Villager (Male) |
| 24:48 | Queue | Villager (Male) |
| 24:51 | Research | Bow Saw |
Build order — Macbein
First 150 of 224 actions detected
| 0:01 | Queue | Villager (Male) |
| 0:01 | Queue | Villager (Male) |
| 0:01 | Queue | Villager (Male) |
| 0:01 | Queue | Villager (Male) |
| 0:04 | Build | House |
| 0:05 | Build | House |
| 1:30 | Queue | Villager (Male) |
| 1:30 | Queue | Villager (Male) |
| 2:15 | Queue | Villager (Male) |
| 2:16 | Queue | Villager (Male) |
| 2:47 | Queue | Villager (Male) |
| 2:47 | Queue | Villager (Male) |
| 2:47 | Queue | Villager (Male) |
| 3:08 | Queue | Villager (Male) |
| 3:08 | Queue | Villager (Male) |
| 3:18 | Queue | Villager (Male) |
| 3:18 | Queue | Villager (Male) |
| 4:00 | Build | Mill |
| 4:06 | Build | House |
| 4:32 | Build | Lumber Camp |
| 5:09 | Queue | Villager (Male) |
| 5:09 | Queue | Villager (Male) |
| 5:10 | Queue | Villager (Male) |
| 5:18 | Queue | Villager (Male) |
| 5:26 | Queue | Villager (Male) |
| 5:26 | Queue | Villager (Male) |
| 5:45 | Queue | Villager (Male) |
| 5:45 | Queue | Villager (Male) |
| 5:52 | Queue | Villager (Male) |
| 5:52 | Queue | Villager (Male) |
| 6:09 | Queue | Villager (Male) |
| 6:09 | Queue | Villager (Male) |
| 6:24 | Queue | Villager (Male) |
| 7:16 | Queue | Villager (Male) |
| 8:14 | Build | House |
| 8:15 | Build | House |
| 8:22 | Research | Loom |
| 8:39 | Research | Feudal Age |
| 8:50 | Build | House |
| 11:13 | Build | Barracks |
| 11:14 | Queue | Villager (Male) |
| 11:18 | Queue | Villager (Male) |
| 12:26 | Queue | Villager (Male) |
| 12:45 | Build | Palisade Wall |
| 12:56 | Build | Stable |
| 13:05 | Queue | Villager (Male) |
| 13:21 | Queue | Spearman |
| 13:21 | Queue | Spearman |
| 13:49 | Build | Farm |
| 13:51 | Build | Farm |
| 13:52 | Build | Farm |
| 13:54 | Build | Farm |
| 13:55 | Build | Farm |
| 13:57 | Build | Farm |
| 13:58 | Build | Farm |
| 14:30 | Build | Blacksmith |
| 14:33 | Queue | Villager (Male) |
| 15:13 | Build | Market |
| 15:15 | Queue | Villager (Male) |
| 15:24 | Queue | Spearman |
| 15:43 | Queue | Villager (Male) |
| 16:51 | Research | Castle Age |
| 17:17 | Research | Double-Bit Axe |
| 17:19 | Research | Horse Collar |
| 18:47 | Research | Fletching |
| 19:35 | Queue | Villager (Male) |
| 19:36 | Queue | Villager (Male) |
| 19:45 | Build | Town Center |
| 21:15 | Queue | Knight |
| 21:15 | Queue | Knight |
| 21:37 | Queue | Villager (Male) |
| 21:37 | Queue | Villager (Male) |
| 21:44 | Research | Wheelbarrow |
| 21:46 | Queue | Villager (Male) |
| 22:03 | Build | Farm |
| 22:05 | Build | Farm |
| 22:08 | Build | Farm |
| 22:13 | Build | Farm |
| 22:18 | Queue | Knight |
| 22:18 | Queue | Knight |
| 22:35 | Queue | Knight |
| 22:43 | Build | Farm |
| 22:45 | Queue | Villager (Male) |
| 22:45 | Queue | Villager (Male) |
| 22:45 | Queue | Villager (Male) |
| 22:54 | Queue | Knight |
| 23:13 | Queue | Villager (Male) |
| 23:13 | Queue | Villager (Male) |
| 23:22 | Queue | Knight |
| 23:27 | Build | Farm |
| 23:28 | Queue | Villager (Male) |
| 23:44 | Build | Farm |
| 23:48 | Build | Farm |
| 24:02 | Build | Farm |
| 24:04 | Queue | Villager (Male) |
| 24:04 | Queue | Villager (Male) |
| 24:16 | Build | Farm |
| 24:23 | Queue | Villager (Male) |
| 24:26 | Queue | Villager (Male) |
| 24:34 | Build | House |
| 24:36 | Build | House |
| 25:30 | Queue | Villager (Male) |
| 25:30 | Queue | Villager (Male) |
| 25:46 | Build | House |
| 25:47 | Build | House |
| 25:55 | Research | Cavalier (upgrade) |
| 26:04 | Queue | Villager (Male) |
| 26:17 | Build | Farm |
| 26:19 | Queue | Villager (Male) |
| 26:19 | Queue | Villager (Male) |
| 26:40 | Build | Farm |
| 26:43 | Build | Farm |
| 26:45 | Build | Farm |
| 26:46 | Queue | Villager (Male) |
| 26:46 | Queue | Villager (Male) |
| 27:05 | Research | Scale Barding Armor |
| 27:13 | Research | Heavy Plow |
| 27:15 | Queue | Villager (Male) |
| 27:15 | Queue | Villager (Male) |
| 27:30 | Build | House |
| 27:31 | Build | House |
| 27:34 | Queue | Villager (Male) |
| 27:35 | Queue | Villager (Male) |
| 27:35 | Queue | Villager (Male) |
| 27:45 | Research | Bow Saw |
| 28:03 | Queue | Knight |
| 28:29 | Build | Siege Workshop |
| 28:30 | Queue | Villager (Male) |
| 28:30 | Queue | Villager (Male) |
| 28:39 | Queue | Knight |
| 28:39 | Queue | Knight |
| 28:57 | Research | Pikeman (upgrade) |
| 29:09 | Build | Monastery |
| 29:11 | Build | Monastery |
| 29:46 | Queue | Monk |
| 29:46 | Queue | Monk |
| 29:57 | Queue | Spearman |
| 29:58 | Queue | Spearman |
| 29:58 | Queue | Spearman |
| 29:58 | Queue | Spearman |
| 30:05 | Queue | Villager (Male) |
| 30:28 | Build | House |
| 30:29 | Build | House |
| 30:31 | Build | House |
| 30:36 | Build | Town Center |
| 31:22 | Queue | Monk |
| 31:23 | Queue | Monk |
| 31:30 | Build | House |
| 31:32 | Build | House |
| 31:35 | Build | House |
Match timeline
| 4:22 | ManyKitten76428 · wall_segment Palisade Wall x5 |
| 5:22 | ManyKitten76428 · wall_segment Palisade Wall x5 |
| 5:31 | ManyKitten76428 · wall_segment Palisade Wall x4 |
| 6:33 | ManyKitten76428 · wall_segment Palisade Wall x4 |
| 7:06 | ManyKitten76428 · wall_segment Palisade Wall x6 |
| 7:32 | ManyKitten76428 · wall_segment Palisade Wall x10 |
| 8:12 | ManyKitten76428 · wall_segment Palisade Wall x7 |
| 8:48 | ManyKitten76428 · wall_segment Palisade Wall x4 |
| 9:23 | ManyKitten76428 · first_building Stable |
| 9:43 | ManyKitten76428 · wall_segment Palisade Wall x1 |
| 9:44 | ManyKitten76428 · wall_segment Palisade Wall x1 |
| 11:13 | Macbein · first_building Barracks |
| 12:45 | Macbein · wall_segment Palisade Wall x6 |
| 12:56 | Macbein · first_building Stable |
| 14:04 | ManyKitten76428 · first_building Archery Range |
| 16:23 | Macbein · first_market_sell 100 wood |
| 19:11 | ManyKitten76428 · first_building Barracks |
| 19:50 | ManyKitten76428 · wall_segment Palisade Wall x3 |
| 19:51 | ManyKitten76428 · wall_segment Palisade Wall x1 |
| 19:51 | ManyKitten76428 · wall_segment Palisade Wall x1 |
| 19:52 | ManyKitten76428 · wall_segment Palisade Wall x1 |
| 19:52 | ManyKitten76428 · wall_segment Palisade Wall x1 |
| 19:54 | ManyKitten76428 · wall_segment Palisade Wall x1 |
| 26:37 | ManyKitten76428 · first_building Monastery |
| 28:08 | ManyKitten76428 · first_building Siege Workshop |
| 28:29 | Macbein · first_building Siege Workshop |
| 29:09 | Macbein · first_building Monastery |
| 32:39 | ManyKitten76428 · first_building Castle |
| 37:42 | Macbein · first_building Castle |
| 38:14 | ManyKitten76428 · wall_segment Stone Wall x6 |
| 39:33 | ManyKitten76428 · wall_segment Stone Wall x10 |
| 40:19 | ManyKitten76428 · first_market_sell 100 food |
| 41:12 | Macbein · resign |
[ AI ANALYSIS · 1 CREDIT ]
What really happened in this match?
Wolo.gg analyzes every decision: build order, eco, micro, common mistakes by bracket. Personalized analysis on WhatsApp or Discord in 30 seconds.
Civ guide
Khmer
Perfil
Jugador #15948060